 Dungeon Crawl Stone Soup version 0.27-a0-1545-g3eddc1d3d3 (webtiles) character file.

Game seed: 710564093559455870

86 MacCMillion the Chiller (level 4, 0/30 HPs)
             Began as a Merfolk Ice Elementalist on July 13, 2021.
             Frozen to death by an endoplasm (5 damage)
             ... on level 3 of the Dungeon.
             The game lasted 00:09:59 (2188 turns).

MacCMillion the Chiller (Merfolk Ice Elementalist)  Turns: 2188, Time: 00:10:00

Health: 0/30       AC:  3    Str:  8    XL:     4   Next: 50%
Magic:  4/7        EV: 12    Int: 15    God:
Gold:   90         SH:  0    Dex: 14    Spells: 6/7 levels left

rFire    . . .     SeeInvis .   j - +0 dagger
rCold    . . .     Faith    .   (no shield)
rNeg     . . .     Spirit   .   a - +0 robe
rPois    .         Reflect  .   (no helmet)
rElec    .         Harm     .   (no cloak)
rCorr    .         Rampage  .   h - +0 pair of gloves
Will     .....                  (no boots)
Stlth    ++........             c - amulet of magic regeneration
HPRegen  0.10/turn              (no ring)
MPRegen  0.35/turn              (no ring)

@: lethally poisoned (0 -> -2)
A: (nimble swimmer 2), mertail
a: no special abilities


You were on level 3 of the Dungeon.
You visited 1 branch of the dungeon, and saw 3 of its levels.

You collected 90 gold pieces.

Inventory:

Hand Weapons
 g - a +0 hand axe
 j - a +0 dagger (weapon)
Missiles
 n - 25 poisoned darts
Armour
 a - a +0 robe (worn)
 e - a +0 leather armour
 h - a +0 pair of gloves (worn)
Jewellery
 c - an amulet of magic regeneration (around neck)
Scrolls
 d - 2 scrolls of enchant armour {unknown}
 f - a scroll of magic mapping {unknown}
 k - a scroll of teleportation {unknown}
 m - a scroll of noise {unknown}
 p - a scroll of fear {unknown}
Potions
 b - a potion of heal wounds {unknown}
 i - a potion of haste {unknown}
 l - a potion of degeneration {unknown}
 o - 2 potions of attraction {unknown}


   Skills:
 - Level 2.6 Dodging
 - Level 2.1 Stealth
 - Level 2.0 Spellcasting
 + Level 6.4 Ice Magic


You had 6 spell levels left.
You knew the following spells:

 Your Spells              Type           Power      Damage    Failure   Level
a - Freeze                Ice            80%        1d9       1%          1

Your spell library contained the following spells:

 Spells                   Type           Power      Damage    Failure   Level
 Frozen Ramparts          Ice            40%        1d6       4%          3
 Ozocubu's Armour         Ice            20%        N/A       4%          3
 Sublimation of Blood     Necr           0%         N/A       32%         2
 Wereblood                Tmut           1%         N/A       32%         2
 Hailstorm                Conj/Ice       11%        3d5       52%         4
 Summon Hydra             Summ           0%         N/A       100%        7


Dungeon Overview and Level Annotations

Branches:
Dungeon (3/15)

Altars:
Yredelemnul

Shops:
D:3 *


Innate Abilities, Weirdness & Mutations

((You are quick and stealthy near water. (Stealth+, EV+, Speed+++)))
Your lower body shifts to a powerful aquatic tail in water.


Message History

Press: ? - help, Q - select action, (/) - cycle Shift-Dir - straight line, f/p - adder
Aim: an adder (lightly wounded)
You freeze the adder.
The adder is moderately wounded.
The adder seems to slow down.
You feel sick. The endoplasm freezes you.
You are frozen.
Aiming: Freeze (safe; 1% risk of failure)
Press: ? - help, Q - select action, (/) - cycle Shift-Dir - straight line, f/p - adder
Aim: an adder (moderately wounded, slow)
You freeze the adder.
The adder is almost dead.
The adder seems to slow down.
You feel sick. The adder bites you but does no damage.
The endoplasm freezes you.
You are frozen.
You feel sick. The endoplasm freezes you.
You are frozen.
Aiming: Freeze (safe; 1% risk of failure)
Press: ? - help, Q - select action, (/) - cycle Shift-Dir - straight line, f/p - adder
Aim: an adder (almost dead, slow)
You freeze the adder.
The adder is almost dead.
The adder seems to slow down.
You feel sick. The adder bites you.
* * * LOW HITPOINT WARNING * * *
The endoplasm freezes you.
You are frozen.
* * * LOW HITPOINT WARNING * * *
Aiming: Freeze (safe; 1% risk of failure)
Press: ? - help, Q - select action, (/) - cycle Shift-Dir - straight line, f/p - adder
Aim: an adder (almost dead, slow)
You freeze the adder.
You kill the adder!
You feel sick. The endoplasm freezes you.
You are frozen.
You die...

##. ...#...........# ##..
#.............#
...#####......$......#
.....................#
##.###...............#
...###.........?.....#
##............$......#
##....#..........J..>####
#..†...........@.g......
#..................#####
#......######.#....#
##...### #.#...:.. #...#
#.#.###.## #...# #.#.# ##
#...# #.#.# #...# #.#
#...#


You could see a gnoll and an endoplasm.

Vanquished Creatures
  Jessica (D:2)
  2 adders (D:3)
  A worm (D:2)
  4 bats
  An endoplasm (D:2)
  3 giant cockroaches
  3 goblins
  6 hobgoblins
  4 jackals
  5 ball pythons
  3 frilled lizards
  9 kobolds
  10 rats
52 creatures vanquished.

Notes
Turn   | Place    | Note
-------+----------+-------------------------------------------
     0 | D:1      | MacCMillion the Merfolk Ice Elementalist began the quest
                  | for the Orb.
     0 | D:1      | Reached XP level 1. HP: 13/13 MP: 3/3
   268 | D:1      | Reached XP level 2. HP: 8/19 MP: 0/5
   286 | D:1      | Reached skill level 5 in Ice Magic
  1167 | D:2      | Reached XP level 3. HP: 24/24 MP: 4/6
  1259 | D:2      | Noticed Jessica
  1266 | D:2      | Killed Jessica
  1288 | D:2      | Reached skill level 6 in Ice Magic
  1288 | D:2      | Reached XP level 4. HP: 15/30 MP: 3/7
  1825 | D:2      | Found a basalt altar of Yredelemnul.
  2060 | D:3      | Found Gofiass's Assorted Antiques.
  2078 | D:3      | Found a faded altar of an unknown god.
  2188 | D:3      | Frozen to death by an endoplasm

Illustrated notes

Levels and vault maps discovered:
D:1:      psy_arrival_statuary, layout_loops_ring
D:2:      layout_basic, basic_altar, uniq_jessica
D:3:      layout_rooms, shapermc_ecumenical_altar_pompeii, gup_sewer_entry_bowl,
          serial_shops, shop, uniq_ijyb

Skill      XL: |  1  2  3 |
---------------+----------+-----
Ice Magic      | 5 6 |  6.4
Dodging        | |  2.6
Stealth        | |  2.1
Spellcasting   | |  2.0

Action                   |  1- 3 |  4- 6 || total
-------------------------+-------+-------++-------
Melee: Dagger            |     7 |     2 ||     9
 Cast: Freeze            |    45 |    36 ||    81
Armor: Robe              |     3 |    11 ||    14
Dodge: Dodged            |    20 |    17 ||    37

Table legend: (Time is in decaauts)
 A = Elapsed time spent in this place.
 B = Non-inter-level travel time spent in this place.
 C = Inter-level travel time spent in this place.
 D = Time resting spent in this place.
 E = Time spent auto-exploring this place.
 F = Levels seen in this place.
 G = Mean time per level.
                   A        B        C        D        E       F      G
               +--------+--------+--------+--------+--------+-----+--------+
         Total |   2187 |   2074 |    113 |    253 |   1331 |   3 |  729.0 |
       Dungeon |   2187 |   2074 |    113 |    253 |   1331 |   3 |  729.0 |
               +--------+--------+--------+--------+--------+-----+--------+

Top non-repeatable levels by time:
     D:1: 1140 daAuts
     D:2: 875 daAuts
     D:3: 170 daAuts
